 Dungeon Crawl Stone Soup version 0.27.1-2-g3b301248ec (webtiles) character file.

Game seed: 3091940530676640590

65417 jfcaron the Sharpshooter (level 15, -5/169 HPs)
             Began as a Djinni Wanderer on Sept 25, 2021.
             Was an Initiate of Gozag.
             Slain by Rupert (33 damage)
             ... on level 13 of the Dungeon on Sept 26, 2021.
             The game lasted 02:02:25 (32837 turns).

jfcaron the Sharpshooter (Djinni Wanderer)         Turns: 32837, Time: 02:02:26

Health: -5/169     AC: 27    Str: 21    XL:     15   Next: 58%
Gold:   4442       EV:  9    Int: 17    God:    Gozag SH:  0 Dex: 15

rFire    + + +     SeeInvis +   a - +2 morningstar (protect)
rCold    . . .     Faith    .   (no shield)
rNeg     . . .     Spirit   .   G - +6 plate armour of Zin's Benevolence {Regen+ Slay+3}
rPois    ∞         Reflect  .   l - +0 helmet
rElec    +         Harm     .   U - +0 cloak
rCorr    +         Rampage  .   k - +2 pair of gloves
Will     +++..                  (boots unavailable)
Stlth    ..........             V - amulet of the acrobat
HPRegen  1.38/turn              L - ring of Veajep {Str+6 SInv}
MPRegen  0.00/turn              C - ring of the Mage {Wiz Will++ Int+3}

@: berserking, resistant, gold aura, flying, very slightly contaminated,
invisible, very quick
A: sickness immunity, fire resistance 2, cold vulnerability 1, float, innate
caster, hp casting, extra vitality 1
a: Renounce Religion, Potion Petition, Call Merchant, Bribe Branch


You were on level 13 of the Dungeon.
You worshipped Gozag.
Gozag was most pleased with you.
You visited 4 branches of the dungeon, and saw 22 of its levels.
You also visited: Bailey and Gauntlet.

You collected 7387 gold pieces.
You spent 1993 gold pieces at shops.
You paid 952 gold pieces to Gozag.

Inventory:

Hand Weapons
 a - a +2 morningstar of protection (weapon)
 b - the +6 arbalest "Damnation" {damnation}
   (You found it on level 10 of the Dungeon)

   Any ammunition fired from it explodes in a burst of damnation on striking a
   foe, dealing damage which bypasses armour.
 y - the +7 hand axe of Rubbish {vorpal, +Rage rCorr}
   (You found it on level 2 of the Lair of Beasts)

   It inflicts extra damage upon your enemies.
   +Rage:     It lets you go berserk.
   rCorr:     It protects you from acid and corrosion.
 E - the +5 war axe of Descent {vorpal, rElec Int+2}
   (You found it on level 3 of the Lair of Beasts)

   It inflicts extra damage upon your enemies.
   Int:       It affects your intelligence (+2).
   rElec:     It insulates you from electricity.
Missiles
 i - 487 stones
 p - 31 poisoned darts
 r - 479 bolts
 K - 17 boomerangs (quivered)
Armour
 c - a +0 buckler
 k - a +2 pair of gloves (worn)
 l - a +0 helmet (worn)
 q - a +3 chain mail of cold resistance
 G - the +6 plate armour of Zin's Benevolence (worn) {Regen+ Slay+3}
   (You bought it in a shop on level 4 of the Dungeon)

   Slay:      It affects your accuracy & damage with ranged weapons and melee
   (+3).
   Regen:     It increases your rate of health regeneration.
 U - a +0 cloak (worn)
Jewellery
 t - a ring of willpower
 C - the ring of the Mage (right hand) {Wiz Will++ Int+3}
   (You bought it in a shop on level 4 of the Dungeon)

   [ring of wizardry]

   It improves your spell success rate.
   Int:       It affects your intelligence (+3).
   Will:      It greatly increases your willpower.
 L - the ring of Veajep (left hand) {Str+6 SInv}
   (You found it in a Gauntlet)

   [ring of strength]

   Str:       It affects your strength (+6).
   SInv:      It lets you see invisible.
 V - an amulet of the acrobat (around neck)
Wands
 d - a wand of digging (9)
 v - a wand of mindburst (9)
 x - a wand of flame (15)
 H - a wand of paralysis (16)
 S - a wand of iceblast (3)
Scrolls
 m - a scroll of magic mapping
 n - 5 scrolls of teleportation
 o - a scroll of silence
 B - 2 scrolls of enchant weapon
 D - a scroll of immolation
 I - 3 scrolls of vulnerability
 J - 3 scrolls of enchant armour
 N - a scroll of fear
 P - a scroll of torment
 Q - 3 scrolls of holy word
 T - a scroll of fog
 X - a scroll of blinking
Potions
 e - 2 potions of cancellation
 f - 3 potions of mutation
 g - 4 potions of might
 h - 3 potions of attraction
 j - a potion of invisibility
 s - 4 potions of lignification
 u - 2 potions of resistance
 w - 3 potions of haste
 M - a potion of brilliance {unknown}
 O - 12 potions of curing
 R - a potion of ambrosia
Miscellaneous
 z - a box of beasts
 A - a tin of tremorstones (1/2)
 F - a piece from Xom's chessboard (15/15)


   Skills:
 - Level 12.3 Fighting
 - Level 3.0 Maces & Flails
 + Level 15.1 Crossbows
 - Level 11.0 Armour
 - Level 5.0 Dodging
 - Level 2.0 Stealth
 - Level 4.0 Shields
 - Level 1.0 Unarmed Combat
 - Level 5.0 Spellcasting


You couldn't memorise any spells.
You knew the following spells:

 Your Spells              Type           Power      Damage    Failure   Level
a - Beastly Appendage     Tmut           42%        N/A       11%         1
b - Ensorcelled Hibernat  Hex/Ice        42%        N/A       16%         2
c - Call Canine Familiar  Summ           21%        N/A       28%         3
d - Mephitic Cloud        Conj/Pois/Air  21%        N/A       28%         3
e - Summon Forest         Summ/Tloc      10%        N/A       93%         5
f - Freezing Cloud        Conj/Ice/Air   10%        6-21      93%         5
g - Conjure Ball Lightni  Conj/Air       10%        3x3d6     100%        6
Your spell library was empty.


Dungeon Overview and Level Annotations

Branches:
Dungeon (13/15)            Temple (1/1) D:7            Lair (6/6) D:10
 Shoals (0/4) Lair:2       Spider (0/4) Lair:2        Slime (0/5) Lair:6
    Orc (2/2) D:9             Elf (0/3) Orc:2        Bailey (visited)
Gauntlet (visited)
 Vaults: D:13-14

Altars:
Ashenzari
Cheibriados
Dithmenos
Elyvilon
Fedhas
Gozag
Hepliaklqana
Kikubaaqudgha
Makhleb
Nemelex Xobeh
Okawaru
Qazlal
Ru
Sif Muna
Trog
Uskayaw
Vehumet
Wu Jian
Xom
Yredelemnul
Zin
The Shining One
Jiyva
Lugonu

Shops:
D:4 =*:[   Orc:2 *([(

Portals:
Abyss: Lair:1

Annotations:
D:11 3 runed translucent doors, FatCowDisease's ghost, journeyman DsBe
D:12 2 transporters, DemonSlayer's ghost, journeyman TeBe
D:13 Rupert


Innate Abilities, Weirdness & Mutations

You are immune to sickness and miasma.
You are immune to poison.
Your flesh is very heat resistant. (rF++)
You are vulnerable to cold. (rC-)
You float through the air rather than walking.
You learn spells naturally, not from books.
Your magical power is your life essence.
You have superior vitality. (+4 HP)


Message History

The damnation bolt hits Rupert but does no damage.
Rupert is heavily wounded.
The damnation bolt explodes!
The damnation engulfs Rupert!!
Rupert is severely wounded.
The damnation engulfs you!!
The damnation engulfs the deep elf pyromancer!!
You kill the deep elf pyromancer!
Rupert burns!
Rupert hits you with a +2 great mace of protection!!
* * * LOW HITPOINT WARNING * * *
Rupert hits you with a +2 great mace of protection!
* * * LOW HITPOINT WARNING * * *
Unknown command.
Okay, then.
Press: ? - help, v - describe, . - travel
Here: Rupert, wielding a +2 great mace of protection and wearing a +3 chain mail of fire resistance (severely wounded, berserk, slightly transparent, covered in liquid flames)
The floor.
Okay, then. [a] - 176 gold - might and brilliance [b] - 644 gold - resistance, invisibility, heal wounds and berserk rage [c] - 960 gold - haste, brilliance, resistance and invisibility Purchase which effect?
You feel protected.
You fade into invisibility!
You feel much better.
A red film seems to cover your vision as you go berserk!
You feel yourself moving faster!
You feel mighty!
Rupert burns!
Rupert hits you with a +2 great mace of protection!
* * * LOW HITPOINT WARNING * * *
You are very lightly contaminated with residual magic.
Press: ? - help, v - describe, . - travel
Here: Rupert, wielding a +2 great mace of protection and wearing a +3 chain mail of fire resistance (severely wounded, berserk, slightly transparent, covered in liquid flames)
The floor.
Really attack while wielding the +6 arbalest "Damnation" {damnation}?
Okay, then.
Your +2 morningstar of protection hums with potential!
a - a +2 morningstar of protection (weapon)
You feel a strong urge to attack something.
Rupert hits you with a +2 great mace of protection!!
You die...
Your body crumbles into a pile of gold.

......########........#
.###### #........# .#
#....##..# .# #[
#....##..# .# . .
#....##..# .### #. #.
#........#
...#.##.##'#####......#
...#...........#.####.#
...#...........#@# #.#
...#...........#@# #.#
...#.. #.....#$####.#
...#... #...e.'......#
...#.).(##.....#......#
...#....((.....#.####.#
...#...........#.# #.#
...#....##.....#.####.#
...#.... #.....#......#


You could see Rupert (berserk, invisible, burning).

Vanquished Creatures
  Kirke (Lair:5)
  A minotaur (Gauntlet)
  A fire dragon (Lair:6)
  4 hydras
  A boulder beetle (D:13)
  2 catoblepae
  6 centaur warriors (D:13)
  5 two-headed ogres
  3 death knights
  A tengu warrior (D:13)
  Nergalle (D:10)
  A swamp dragon (Lair:6)
  2 deep elf pyromancers
  4 orc knights
  3 cyclopes
  5 manticores
  3 orc sorcerers
  3 elephants (Lair:4)
  2 black mambas
  4 ugly things
  A gargoyle (D:13)
  A torpor snail (Lair:6)
  9 cane toads
  9 komodo dragons
  2 rime drakes (Lair:6)
  An unseen horror (D:12)
  A meliai (D:13)
  A queen bee (Gauntlet)
  A jumping spider (Lair:2)
  8 trolls
  2 hornets (Gauntlet)
  A polar bear (Lair:6)
  16 slime creatures
  A wind drake (Lair:2)
  6 blink frogs
  2 centaur simulacra (Gauntlet)
  A redback (Lair:2)
  A large abomination (Gauntlet)
  A vampire (D:11)
  3 shadows
  A wraith (D:13)
  3 wyverns
  44 yaks
  4 hogs (Lair:5)
  6 basilisks
  A human (D:10)
  A fire elemental (Lair:5)
  3 steam dragons
  9 vampire mosquitoes
  Menkaure (D:7)
  3 wargs
  An acid dragon (Lair:6)
  13 water moccasins
  3 sky beasts
  4 small abominations (Gauntlet)
  3 swamp drakes (Lair:6)
  43 orc warriors
  6 ogres
  A black bear (D:7)
  4 necrophages
  3 wolves (Lair:1)
  21 centaurs
  3 kobold brigands
  A wyvern zombie (D:8)
  7 bullfrogs
  4 gnoll sergeants
  2 scorpions (D:3)
  2 wyvern skeletons
  A hornet simulacrum (Gauntlet)
  4 killer bees
  A water moccasin skeleton (D:5)
  4 wights (D:8)
  8 howler monkeys
  An electric eel (Lair:5)
  2 jellies
  A bullfrog zombie (D:5)
  2 centaur zombies
  2 hounds
  11 orc priests
  5 gnoll shamans
  A bullfrog skeleton (D:6)
  Terence (D:1)
  20 orc wizards
  Natasha (thrice) (D:2)
  4 iguanas
  3 hound skeletons
  2 howler monkey zombies
  44 gnolls
  3 adders
  A shadow imp (D:6)
  3 ufetubi
  An adder skeleton (D:5)
  2 dart slugs
  65 orcs
  7 ball pythons
  9 endoplasms
  2 giant cockroaches
  9 goblins
  7 hobgoblins
  5 jackals
  2 quokkas (D:3)
  3 bats
  A frilled lizard (D:2)
  20 kobolds
  5 rats
  A bush (D:10)
  25 fungi
  A lurking horror (Lair:1)
  73 plants
683 creatures vanquished.

Notes
Turn   | Place    | Note
-------+----------+-------------------------------------------
     0 | D:1      | jfcaron the Djinni Wanderer began the quest for the Orb.
     0 | D:1      | Reached XP level 1. HP: 17/17 MP: 0/0
   151 | D:1      | Reached XP level 2. HP: 22/22 MP: 0/0
   936 | D:1      | Reached XP level 3. HP: 19/27 MP: 0/0
   936 | D:1      | Learned a level 1 spell: Beastly Appendage
  1143 | D:2      | Noticed Natasha
  1194 | D:2      | Killed Natasha
  1195 | D:2      | Reached XP level 4. HP: 23/32 MP: 0/0
  1306 | D:2      | Found a faded altar of an unknown god.
  1306 | D:2      | Noticed Terence
  1505 | D:2      | Found a shimmering altar of Xom.
  1803 | D:1      | Killed Terence
  1804 | D:1      | Reached XP level 5. HP: 24/37 MP: 0/0
  1804 | D:1      | Learned a level 2 spell: Ensorcelled Hibernation
  2158 | D:2      | Noticed Natasha
  2168 | D:2      | Killed Natasha
  2339 | D:2      | Noticed Natasha
  2347 | D:2      | Killed Natasha
  2459 | D:3      | Reached skill level 1 in Dodging
  2459 | D:3      | Reached XP level 6. HP: 30/46 MP: 0/0
  3463 | D:3      | Reached XP level 7. HP: 22/50 MP: 0/0
  3463 | D:3      | Learned a level 3 spell: Call Canine Familiar
  4260 | D:4      | Found Jiunisu's Jewellery Boutique.
  4271 | D:4      | Found Gollup's Book Boutique.
  4275 | D:4      | Found Yjamei's General Store.
  4278 | D:4      | Found Liac's Armour Boutique.
  4445 | D:4      | HP: 8/52 [orc priest/divine providence (10)]
  5307 | D:5      | Entered Level 5 of the Dungeon
  5342 | D:5      | Reached XP level 8. HP: 58/58 MP: 0/0
  5387 | D:5      | Reached skill level 5 in Fighting
  5580 | D:5      | Reached skill level 5 in Armour
  5592 | D:5      | HP: 10/60 [gnoll (7)]
  6012 | D:5      | Found a stormy altar of Qazlal.
  6013 | D:5      | Found a snail-covered altar of Cheibriados.
  6013 | D:5      | Found a white marble altar of Elyvilon.
  6013 | D:5      | Found a bloodstained altar of Trog.
  6014 | D:5      | Found a sacrificial altar of Ru.
  6743 | D:6      | Found a shimmering altar of Xom.
  7080 | D:6      | Reached XP level 9. HP: 66/67 MP: 0/0
  7080 | D:6      | Learned a level 3 spell: Mephitic Cloud
  7739 | D:7      | Noticed Menkaure
  7748 | D:7      | Killed Menkaure
  8314 | D:7      | HP: 7/69 [orc priest/divine providence (15)]
  8791 | D:7      | Found a staircase to the Ecumenical Temple.
  8800 | Temple   | Entered the Ecumenical Temple
  8813 | Temple   | Became a worshipper of Gozag Ym Sagoz the Greedy
  9628 | D:8      | Reached XP level 10. HP: 56/77 MP: 0/0
  9904 | D:8      | Found a hazy altar of Hepliaklqana.
 11587 | D:8      | Noticed a manticore
 11593 | D:8      | Killed a manticore
 11594 | D:8      | Reached skill level 10 in Fighting
 11610 | D:8      | Reached skill level 1 in Spellcasting
 11648 | D:8      | Noticed a manticore
 11740 | D:8      | Noticed a boulder beetle
 11993 | D:8      | Noticed a two-headed ogre
 11995 | D:8      | Noticed a two-headed ogre
 12249 | D:8      | HP: 14/80 [manticore (9)]
 12250 | D:8      | Killed a manticore
 12251 | D:8      | Reached XP level 11. HP: 15/85 MP: 0/0
 12251 | D:8      | Learned a level 5 spell: Summon Forest
 12593 | D:8      | HP: 13/85 [slime creature (7)]
 12598 | D:8      | HP: 11/85 [slime creature (4)]
 13440 | D:9      | Reached skill level 5 in Dodging
 13678 | D:4      | Bought the +6 plate armour of Zin's Benevolence {Regen+
                  | Slay+3} for 726 gold pieces
 13806 | D:7      | Killed a two-headed ogre
 13807 | D:7      | Reached skill level 10 in Armour
 13908 | D:8      | Killed a two-headed ogre
 14670 | D:9      | Found a staircase to the Orcish Mines.
 15160 | D:9      | Reached skill level 5 in Spellcasting
 15393 | D:9      | Found a sparkling altar of Nemelex Xobeh.
 15562 | D:10     | Entered Level 10 of the Dungeon
 15699 | D:9      | Reached XP level 12. HP: 83/94 MP: 0/0
 15880 | D:10     | Noticed Nergalle
 15918 | D:10     | Killed Nergalle
 15970 | D:10     | Found a staircase to the Lair.
 16203 | D:4      | Bought the ring of the Mage {Wiz Will++ Int+3} for 620 gold
                  | pieces
 16203 | D:4      | Found the ring of the Mage {Wiz Will++ Int+3}
 16625 | D:10     | Found the +6 arbalest "Damnation" {damnation}
 16626 | D:10     | Found a shadowy altar of Dithmenos.
 17323 | Lair:1   | Entered Level 1 of the Lair of Beasts
 17373 | Lair:1   | Reached skill level 1 in Crossbows
 17449 | Lair:1   | Reached skill level 2 in Crossbows
 17544 | Lair:1   | Reached skill level 3 in Crossbows
 17835 | Lair:1   | Found a corrupted altar of Lugonu.
 17840 | Lair:1   | Found a one-way gate to the infinite horrors of the Abyss.
 17911 | Lair:1   | Reached skill level 4 in Crossbows
 18036 | Lair:1   | Reached skill level 5 in Crossbows
 18403 | Lair:2   | Reached skill level 6 in Crossbows
 18410 | Lair:2   | Identified the +7 hand axe of Rubbish {vorpal, +Rage rCorr}
 18420 | Lair:2   | Found a gate leading to a gauntlet.
 18431 | Gauntlet | Entered a Gauntlet
 18431 | Gauntlet | Found a large runed translucent door.
 18431 | Gauntlet | Found a large runed translucent door.
 18431 | Gauntlet | Found a large runed translucent door.
 18431 | Gauntlet | Found a large runed translucent door.
 18431 | Gauntlet | Found a large runed translucent door.
 18431 | Gauntlet | Found a large runed translucent door.
 18431 | Gauntlet | Found a large runed translucent door.
 18431 | Gauntlet | Found a large runed translucent door.
 18431 | Gauntlet | Found a runed translucent door.
 18431 | Gauntlet | Found a runed translucent gate.
 18431 | Gauntlet | Found a transporter.
 18431 | Gauntlet | Found a transporter.
 18431 | Gauntlet | Found a runed translucent gate.
 18431 | Gauntlet | Found a transporter.
 18432 | Gauntlet | Found a transporter.
 18435 | Gauntlet | Found a transporter.
 18436 | Gauntlet | Found a runed translucent gate.
 18436 | Gauntlet | Found a runed translucent door.
 18445 | Gauntlet | Found a transporter.
 18456 | Gauntlet | Found a transporter.
 18508 | Gauntlet | Found a large runed translucent door.
 18508 | Gauntlet | Found a large runed translucent door.
 18508 | Gauntlet | Found a large runed translucent door.
 18508 | Gauntlet | Found a large runed translucent door.
 18509 | Gauntlet | Found a large runed translucent door.
 18509 | Gauntlet | Found a large runed translucent door.
 18510 | Gauntlet | Found a large runed translucent door.
 18510 | Gauntlet | Found a large runed translucent door.
 18514 | Gauntlet | Found a transporter.
 18524 | Gauntlet | Found a transporter.
 18539 | Gauntlet | Found a transporter.
 18549 | Gauntlet | Found a transporter.
 18564 | Gauntlet | Found a transporter.
 18632 | Gauntlet | Noticed a fire crab
 18632 | Gauntlet | a queen bee changed into a fire crab
 18634 | Gauntlet | Noticed a death drake
 18634 | Gauntlet | a fire crab changed into a death drake
 18635 | Gauntlet | Noticed a glowing orange brain
 18635 | Gauntlet | a death drake changed into a glowing orange brain
 18637 | Gauntlet | Noticed a two-headed ogre
 18637 | Gauntlet | a glowing orange brain changed into a two-headed ogre
 18675 | Gauntlet | Noticed a storm dragon
 18717 | Gauntlet | Reached XP level 13. HP: 79/102 MP: 0/0
 18717 | Gauntlet | Learned a level 5 spell: Freezing Cloud
 18966 | Gauntlet | Identified the ring "Racrujide" {Fly rN+ Will- SInv}
 19199 | Gauntlet | Noticed a minotaur
 19221 | Gauntlet | HP: 16/102 [minotaur (14)]
 19228 | Gauntlet | Killed a minotaur
 19229 | Gauntlet | Reached skill level 7 in Crossbows
 19238 | Gauntlet | Identified the -1 pair of gloves of the Bulwark {rF+}
 19238 | Gauntlet | Identified the ring of Veajep {Str+6 SInv}
 19401 | Lair:2   | Found a staircase to the Shoals.
 19470 | Lair:2   | Found a hole to the Spider Nest.
 19942 | Lair:2   | Reached skill level 8 in Crossbows
 20617 | Lair:3   | Identified the +5 war axe of Descent {vorpal, rElec Int+2}
 20621 | Lair:3   | Noticed a four-headed hydra
 20632 | Lair:3   | Killed a four-headed hydra
 21671 | Lair:4   | Reached skill level 9 in Crossbows
 22439 | Lair:5   | Noticed Kirke
 22445 | Lair:5   | Killed Kirke
 22446 | Lair:5   | Reached skill level 10 in Crossbows
 22867 | Lair:6   | Entered Level 6 of the Lair of Beasts
 23307 | Lair:6   | Noticed a catoblepas
 23336 | Lair:6   | Killed a catoblepas
 23855 | Lair:6   | Reached skill level 11 in Crossbows
 23855 | Lair:6   | Reached XP level 14. HP: 103/108 MP: 0/0
 23910 | Lair:6   | Found a runed translucent door.
 23911 | Lair:6   | Found a viscous altar of Jiyva.
 23912 | Lair:6   | Found a staircase to the Slime Pits.
 25646 | Lair:6   | HP: 13/108 [fire dragon/blast of flame (11)]
 25651 | Lair:6   | HP: 18/108 [fire dragon (10)]
 26741 | D:11     | Found a runed translucent gate.
 26749 | D:11     | Found a runed translucent gate.
 26749 | D:11     | Found a runed translucent gate.
 26752 | D:11     | Noticed FatCowDisease's ghost (journeyman DsBe)
 26768 | D:11     | Reached skill level 12 in Crossbows
 27369 | D:12     | Noticed DemonSlayer's ghost (journeyman TeBe)
 27432 | D:12     | Found a transporter.
 27961 | D:12     | Found a snail-covered altar of Cheibriados.
 28157 | D:12     | Found a transporter.
 28694 | D:4      | Bought a potion of might for 40 gold pieces
 28694 | D:4      | Bought a scroll of identify for 20 gold pieces
 28699 | D:4      | Bought a +0 cloak for 45 gold pieces
 28708 | D:4      | Bought an amulet of the acrobat for 360 gold pieces
 28851 | Orc:1    | Entered Level 1 of the Orcish Mines
 28946 | Orc:1    | Found a flagged portal.
 28955 | Bailey   | Entered a bailey
 29472 | Orc:1    | Reached skill level 13 in Crossbows
 29801 | Orc:2    | Entered Level 2 of the Orcish Mines
 29801 | Orc:2    | Found a staircase to the Elven Halls.
 31144 | Orc:2    | Reached XP level 15. HP: 113/113 MP: 0/0
 31144 | Orc:2    | Learned a level 6 spell: Conjure Ball Lightning
 31685 | Orc:2    | Found Gaozuare's Weapon Emporium.
 31685 | Orc:2    | Found Tubiczuzxi's Armour Shop.
 31685 | Orc:2    | Found Laizxowk's Weapon Boutique.
 31688 | Orc:2    | Found Xuiwau's Assorted Antiques.
 31700 | Orc:2    | Bought a scroll of magic mapping for 98 gold pieces
 31700 | Orc:2    | Bought a scroll of teleportation for 84 gold pieces
 31947 | D:13     | Reached skill level 14 in Crossbows
 32202 | D:13     | HP: 22/113 [mirror damage (12)]
 32448 | D:13     | Reached skill level 15 in Crossbows
 32537 | D:13     | Identified a scroll of acquirement
 32538 | D:13     | Acquired 544 gold pieces
 32815 | D:13     | Noticed Rupert
 32835 | D:13     | HP: 22/113 [Rupert (30)]
 32837 | D:13     | Slain by Rupert

Illustrated notes

Levels and vault maps discovered:
D:1:      dpeg_arrival_round_c, layout_basic, skrybe_limestone_x,
          kennysheep_crisscross
D:2:      layout_rooms, basic_altar, ebering_ecumenical_altar_webs,
          uniq_natasha, uniq_terence
D:3:      layout_basic
D:4:      wander_river, layout_loops_cross, serial_rivers,
          chequers_serial_rivers_micro_b, chequers_serial_rivers_micro_a,
          chequers_serial_rivers_marsh, chequers_serial_rivers_large_b,
          chequers_serial_rivers_small_a, chequers_serial_rivers_large_a,
          minmay_shop_grid_forest
D:5:      layout_basic, grunt_temple_overflow_open,
          kennysheep_opposing_triangles
D:6:      layout_loops_corners, xom_teletrap_fun, hangedman_decor_growths
D:7:      layout_gridville, temple_green, uniq_menkaure
D:8:      nzn_winding_woodlands_medium [nzn_winding_woodlands_5x5_perimeter,
          nzn_winding_woodlands_5x15_twine, nzn_winding_woodlands_5x5_three,
          nzn_winding_woodlands_5x5_cross,
          nzn_winding_woodlands_center_triple_pond,
          nzn_winding_woodlands_5x5_open_star,
          nzn_winding_woodlands_5x5_checkerboard,
          nzn_winding_woodlands_5x15_jagged,
          nzn_winding_woodlands_5x5_closed_star], layout_gridville,
          mainiacjoe_overflow_cross_hatched, lemuel_tele_altar
D:9:      layout_gridville, nemelex_spade_bored_becter, orc_0_dummy
D:10:     layout_rooms, nicolae_dithmenos_the_darkroom, minmay_lair_entry_grove,
          hangedman_stone_soup, uniq_nergalle
D:11:     layout_basic, gammafunk_ghost_hydra_chop, minmay_misc_feat_rugged,
          lemuel_nasty_fountain
D:12:     layout_basic, gammafunk_ghost_arena, kennysheep_slug_shrine
D:13:     minmay_polygon_palace, layout_stronghold, uniq_rupert
Temple:   minmay_freezing_vapour_temple
Lair:1:   layout_roguey, serial_bayou_lagoon_a, amcnicky_altar_lugonu_corruption
Lair:2:   layout_cave_pods, minmay_shoals_entry_beasts, spider_nest_entry_a,
          gauntlet_entry_generic
Lair:3:   layout_regular_city
Lair:4:   layout_misc_corridors, serial_bayou_pond_a, lemuel_fruit_tree,
          serial_bayou_shore_b
Lair:5:   layout_gridlike, infiniplex_staircase_pool_2, uniq_kirke
Lair:6:   guppyfry_lair_end_dragon, layout_long_grid, slime_altar_2
Orc:1:    layout_caves, enter_bailey_6
Orc:2:    st_orc_rangers, layout_diamond_mine

Skill      XL: |  1  2  3  4  5  6  7  8  9 10 11 12 13 14 15 |
---------------+----------------------------------------------+-----
Shields        | 2 3 4 |  4.0
Maces & Flails | 3 |  3.0
Fighting       | 3 4 6 8 10 11 12 | 12.3
Dodging        | 1 3 5 |  5.0
Stealth        | 2 |  2.0
Armour         | 4 6 8 9 11 | 11.0
Spellcasting   | 3 5 |  5.0
Crossbows      | 6 11 13 15 | 15.1
Unarmed Combat | |  1.0

Action                   |  1- 3 |  4- 6 |  7- 9 | 10-12 | 13-15 || total
-------------------------+-------+-------+-------+-------+-------++-------
Melee: Mace              |    52 |   161 |   421 |   317 |       ||   951
       Flail             |       |       |       |   644 |    51 ||   695
       Morningstar       |       |       |       |       |  1162 ||  1162
       War axe           |       |       |       |       |     4 ||     4
       Hand axe          |       |       |       |       |     7 ||     7
 Fire: Arbalest          |       |       |       |       |    85 ||    85
Throw: Boomerang         |    33 |    36 |       |       |    58 ||   127
       Dart              |       |    39 |   107 |    99 |    47 ||   292
       Stone             |       |    38 |   127 |   163 |   482 ||   810
 Cast: Ensorcelled Hiber |       |       |       |       |     1 ||     1
       Beastly Appendage |       |       |       |       |     1 ||     1
Invok: Potion Petition   |       |       |       |       |     2 ||     2
Evoke: Wand              |       |       |     1 |    16 |    47 ||    64
       Tin of tremorston |       |       |       |     2 |     3 ||     5
       Box of beasts     |       |       |       |     1 |     1 ||     2
       Piece from Xom's  |       |       |       |     1 |       ||     1
  Use: Scroll            |       |       |    16 |     2 |    15 ||    33
       Potion            |       |       |     1 |       |     4 ||     5
 Stab: Distracted        |       |       |       |     5 |    10 ||    15
       Confused          |       |       |       |       |     1 ||     1
Armor: Plate armour      |    41 |    13 |       |   522 |  1358 ||  1934
       Leather armour    |     8 |       |       |       |       ||     8
       Chain mail        |       |    83 |   290 |   256 |    86 ||   715
Dodge: Dodged            |    10 |    44 |   171 |   377 |   827 ||  1429
Block: Buckler           |    15 |    42 |   111 |   286 |   459 ||   913
